AoeStats
← bkg45

MegaRandom

505763357Analyzed
4v4 RM · 22d ago on Sep 10, 2026· 46m 43s· 8 players
Game mode
Random Map
Map size
Large (8 player)
Population
200
Speed
Normal
Resources
Standard
Victory
Conquest
Starting age
Dark Age
Ending age
Imperial Age
RankedLock teamsTeams togetherTeam positionsShared explorationLock speedFull tech treeHidden civsTurbo modeCheats
Victory
Defeat
🇺🇸 Huns · United States
1238
+12
🇨🇱 Maya · Chile
1205
+13
🇨🇴 Ethiopians · Colombia
1170
+14
🇺🇸 Saracens · United States
1112
+17
🇺🇸 Tatars · United States
1163
-15
🇺🇸 Khitans · United States
1154
-15
🇺🇸 Lithuanians · United States
1128
-14
🇺🇸 Teutons · United States
1095
-12
julianSD7
0:33 Loom
10:09 Feudal Age
11:04 Double-Bit Axe
13:41 Wheelbarrow
13:28 Fletching
16:26 Padded Archer Armor
24:46 Castle Age
23:20 Scale Mail Armor
23:30 Forging
24:51 Crossbowman
25:55 Elite Skirmisher
30:34 Scale Barding Armor
33:07 Hand Cart
33:16 Husbandry
34:47 Chain Barding Armor
35:28 Town Watch
39:32 Imperial Age
38:09 Gold Mining
38:10 Stone Mining
38:05 Horse Collar
38:46 Bow Saw
40:08 Iron Casting
39:28 Bodkin Arrow
39:59 Ballistics
39:41 Heavy Camel Rider
42:45 Town Patrol
45:05 Blast Furnace
44:05 Bracer
45:38 Leather Archer Armor
45:38 Chain Mail Armor
45:25 Murder Holes
46:40 Two-Man Saw
46:27 Gold Shaft Mining
46:27 Stone Shaft Mining
45:55 Heavy Plow
46:09 Royal Heirs
46:29 Conscription
NoLawsClaws
8:20 Loom
12:05 Feudal Age
12:54 Double-Bit Axe
15:09 Stone Mining
15:11 Gold Mining
21:58 Castle Age
25:29 Gold Shaft Mining
25:15 Bow Saw
27:41 Wheelbarrow
29:30 Hand Cart
30:14 Fishing Lines
31:49 Gillnets
34:33 Imperial Age
32:19 Forging
32:14 Scale Barding Armor
32:47 Fletching
33:57 Iron Casting
33:45 Ballistics
35:04 Chain Barding Armor
34:52 Elite Mameluke
35:54 Conscription
37:53 Chemistry
38:00 Murder Holes
38:15 Fortified Wall
46:24 Two-Man Saw
bastianbps
0:31 Loom
10:02 Feudal Age
15:45 Fletching
15:47 Double-Bit Axe
23:09 Castle Age
22:44 Horse Collar
22:59 Gold Mining
23:56 Bodkin Arrow
23:47 Crossbowman
33:21 Horse Collar
36:49 Wheelbarrow
38:53 Ballistics
41:04 Imperial Age
39:56 Bow Saw
39:47 Heavy Plow
39:40 Stone Mining
41:45 Bracer
41:41 Murder Holes
42:49 Chemistry
41:50 Padded Archer Armor
41:19 Elite Plumed Archer
42:20 Conscription
42:00 Treadmill Crane
42:17 Sappers
43:38 Stone Shaft Mining
44:19 Two-Man Saw
44:39 Crop Rotation
bkg45
9:13 Loom
11:19 Feudal Age
11:53 Double-Bit Axe
11:49 Horse Collar
13:26 Forging
14:09 Scale Barding Armor
16:45 Town Watch
18:34 Wheelbarrow
21:21 Castle Age
19:56 Bloodlines
21:27 Fishing Lines
21:46 Light Cavalry
22:47 Chain Barding Armor
23:03 Iron Casting
23:06 Bow Saw
30:48 Husbandry
31:03 Heavy Plow
32:34 Hand Cart
33:22 Gold Mining
41:20 Imperial Age
42:39 Plate Barding Armor
41:26 Cavalier
43:08 Blast Furnace
42:49 Paladin
44:09 Conscription
45:13 Gold Shaft Mining
44:29 Stone Mining
BlackIrelia
0:30 Loom
10:05 Feudal Age
10:16 Man-at-Arms
15:41 Town Watch
16:25 Padded Archer Armor
23:14 Double-Bit Axe
28:20 Castle Age
27:32 Fletching
30:06 Medium Warships
33:04 Scale Mail Armor
33:25 Crossbowman
40:16 Chain Mail Armor
RedNova VI
1:48 Loom
12:26 Feudal Age
13:26 Double-Bit Axe
17:33 Castle Age
17:53 Bloodlines
18:07 Scale Barding Armor
22:17 Forging
27:22 Chain Barding Armor
31:05 Horse Collar
32:36 Husbandry
36:09 Town Watch
38:04 Iron Casting
39:57 Fletching
40:48 Wheelbarrow
47:21 Imperial Age
45:24 Elite Skirmisher
46:11 Padded Archer Armor
Teare
0:33 Loom
12:25 Feudal Age
13:04 Double-Bit Axe
13:08 Fishing Lines
18:18 Castle Age
17:26 Scale Barding Armor
18:15 Bloodlines
18:25 Forging
19:04 Gillnets
26:47 Wheelbarrow
26:07 Horse Collar
26:40 Bow Saw
27:37 Chain Barding Armor
31:14 Iron Casting
34:19 Gold Mining
34:38 Silk Armor
34:57 Husbandry
40:14 Imperial Age
38:03 Hand Cart
40:21 Elite Steppe Lancer
41:42 Plate Barding Armor
StormsABruin
2:01 Loom
13:37 Feudal Age
19:15 Fletching
19:26 Padded Archer Armor
21:47 Double-Bit Axe
30:05 Castle Age
30:23 Wheelbarrow
31:38 Elite Skirmisher
34:58 Hand Cart
39:58 Forging
39:49 Scale Mail Armor
40:37 Bow Saw
40:42 Bodkin Arrow
Connection lost

Rejoining the realm…

Still unreachable

The connection could not be restored.

Session expired

The server has moved on; the page needs a fresh start.